 Dungeon Crawl Stone Soup version 0.32-a0-17-gb74e046682 (webtiles) character file.

Game seed: 11129015689788383649

415348 Laraso the Petrodigitator (level 23, -1/147 HPs)
             Began as a Gargoyle Earth Elementalist on Jan 15, 2024.
             Was the Champion of Vehumet.
             Killed from afar by a tengu reaver (33 damage)
             ... with a bolt of cold
             ... led by Sojobo
             ... on level 3 of the Depths.
             The game lasted 02:22:36 (51823 turns).

Laraso the Petrodigitator (GrEE)                   Turns: 51823, Time: 02:22:36

Health: -1/147     AC: 42    Str: 14    XL:     23   Next: 59%
Magic:  32/61      EV: 15    Int: 28    God:    Vehumet [******]
Gold:   1709       SH:  7    Dex: 10    Spells: 2/54 levels left

rFire   + . .        a - staff of conjuration
rCold   . . .        g - +2 buckler {rF+}
rNeg    + . .        c - +5 steam dragon scales
rPois   ∞            F - +2 helmet {Int+3}
rElec   +            C - +2 cloak
rCorr   .            P - +2 pair of gloves
SInv    .            i - +2 pair of boots
Will    ++...        n - amulet of magic regeneration
Stlth   ++++         U - ring "Taitwal" {Will+ MP+9 Stlth+}
HPRegen 0.44/turn    k - ring of magical power
MPRegen 0.77/turn

%: no passive effects
@: marked, corroded, flying, studying Armour
A: sickness immunity, AC +17, big wings, negative energy resistance 1,
electricity resistance, torment resistance 1, petrification resistance
}: 2/15 runes: decaying, serpentine
a: Renounce Religion


You were on level 3 of the Depths.
You worshipped Vehumet.
Vehumet was exalted by your worship.
You visited 8 branches of the dungeon, and saw 40 of its levels.
You also visited: Trove, Sewer and Ice Cave.

You collected 4586 gold pieces.
You spent 2877 gold pieces at shops.

Inventory:

Hand Weapons
 b - a +8 eveningstar of chaos
 O - the +5 Lochaber axe {reach-cleave, Poleaxe ^Drain}
   (You found it on level 5 of the Lair of Beasts)

   Poleaxe:   It uses either Axes or Polearms skill, whichever is higher.
   ^Drain:    It drains your maximum health when unequipped.
Armour
 c - +5 steam dragon scales (worn)
 g - a +2 buckler of fire resistance (worn)
 i - a +2 pair of boots (worn)
 v - an orb of guile
 C - a +2 cloak (worn)
 F - a +2 helmet of intelligence (worn)
 N - an orb of mayhem
 P - a +2 pair of gloves (worn)
Magical Staves
 a - a staff of conjuration (weapon)
Jewellery
 j - a ring of resist corrosion
 k - a ring of magical power (right hand)
 l - the ring "Ippuc" {Fly rCorr Int+8 Dex-5 SInv}
   (You took it off an occultist on level 2 of the Depths)

   [ring of flight]

   Int+8:     It affects your intelligence (+8).
   Dex-5:     It affects your dexterity (-5).
   SInv:      It lets you see invisible.
   Fly:       It grants you flight.
   rCorr:     It protects you from acid and corrosion.
 n - an amulet of magic regeneration (around neck)
 B - a ring of willpower
 U - the ring "Taitwal" (left hand) {Will+ MP+9 Stlth+}
   (You found it on level 1 of the Snake Pit)

   [ring of magical power]

   Will+:     It increases your willpower.
   MP+9:      It affects your magic capacity (+9).
   Stlth+:    It makes you more stealthy.
 V - the ring "Koydas" {rF+ rC+ rN+}
   (You found it in an ice cave)

   [ring of protection from cold]

   rF+:       It protects you from fire.
   rC+:       It protects you from cold.
   rN+:       It protects you from negative energy.
 X - the ring "Utaesmat" {rC+ Int+3 Dex-4 SInv Stlth+}
   (You found it in an ice cave)

   [ring of protection from cold]

   Int+3:     It affects your intelligence (+3).
   Dex-4:     It affects your dexterity (-4).
   rC+:       It protects you from cold.
   SInv:      It lets you see invisible.
   Stlth+:    It makes you more stealthy.
Wands
 u - a wand of light (21)
 z - a wand of flame (106)
 K - a wand of polymorph (6)
 L - a wand of paralysis (37)
 R - a wand of iceblast (12)
 W - a wand of digging (7)
 Y - a wand of mindburst (16)
Scrolls
 h - 8 scrolls of teleportation
 o - 5 scrolls of poison
 t - 3 scrolls of revelation
 w - 8 scrolls of vulnerability
 D - 2 scrolls of fog
 J - 4 scrolls of blinking
 M - 3 scrolls of fear
 T - 6 scrolls of immolation
 Z - 2 scrolls of torment
Potions
 d - a potion of berserk rage
 e - 10 potions of curing
 f - 3 potions of resistance
 m - 4 potions of might
 p - 3 potions of magic
 q - 2 potions of heal wounds
 s - 6 potions of mutation
 x - a potion of invisibility
 y - 2 potions of ambrosia
 A - 2 potions of brilliance
 E - 6 potions of attraction
 G - 5 potions of enlightenment
 H - 5 potions of haste
 Q - 2 potions of cancellation
Miscellaneous
 S - a phantom mirror


   Skills:
 - Level 16.0 Fighting
 - Level 16.0 Armour
 * Level 12.1 Dodging
 - Level 8.0 Stealth
 - Level 8.0 Shields
 - Level 16.0 Spellcasting
 - Level 18.0 Conjurations
 - Level 6.0 Fire Magic
 O Level 27 Earth Magic
 - Level 4.0 Alchemy


You had 2 spell levels left.
You knew the following spells:

 Your Spells              Type           Power      Damage    Failure   Level
a - Sandblast             Erth           100%       2d20      0%          1
b - Stone Arrow           Conj/Erth      100%       3d13      0%          3
c - Brom's Barrelling Bo  Conj/Erth      100%       2d11      0%          4
d - Petrify               Alch/Erth      83%        N/A       1%          4
e - Leda's Liquefaction   Alch/Erth      41%        N/A       1%          4
f - Fireball              Conj/Fire      47%        3d19      1%          5
h - Lee's Rapid Deconstr  Erth           54%        3d25*     0%          5
r - Bombard               Conj/Erth      61%        9d10      1%          6
s - Swiftness             Air            22%        N/A       9%          3
t - Lehudib's Crystal Sp  Conj/Erth      61%        10d14     1%          8
z - Shatter               Erth           54%        3d41*     1%          9

Your spell library contained the following spells:

 Spells                   Type           Power      Damage    Failure   Level
 Ignition                 Fire           27%        3d9       97%         8
 Fire Storm               Conj/Fire      47%        8d12      99%         9
 Chain Lightning          Conj/Air       41%        3d55      100%        9
 Foxfire                  Conj/Fire      100%       2x1d9     0%          1
 Freeze                   Ice            88%        1d9       1%          1
 Kiss of Death            Conj/Necr      100%       2d13      1%          1
 Shock                    Conj/Air       100%       1d9       1%          1
 Static Discharge         Conj/Air       100%       3-8/arc   1%          2
 Necrotise                Necr           88%        1d8       2%          1
 Slow                     Hex            88%        N/A       2%          1
 Lesser Beckoning         Tloc           44%        N/A       4%          2
 Passwall                 Erth           100%       N/A       0%          3
 Dazzling Flash           Conj/Hex       100%       N/A       1%          3
 Hailstorm                Conj/Ice       83%        3d14      1%          3
 Inner Flame              Hex/Fire       39%        N/A       1%          3
 Mephitic Cloud           Conj/Alch/Air  76%        N/A       1%          3
 Flame Wave               Conj/Fire      94%        2d20      1%          4
 Iskenderun's Mystic Bla  Conj/Tloc      83%        2d16      1%          4
 Sticky Flame             Fire/Alch      50%        2d9       1%          4
 Iskenderun's Battlesphe  Conj           100%       2d15      1%          5
 Starburst                Conj/Fire      47%        6d13      1%          6
 Frozen Ramparts          Ice            44%        1d7       2%          3
 Conjure Ball Lightning   Conj/Air       41%        3x3d13    3%          6
 Airstrike                Air            11%        2d(2-18)  7%          4
 Call Canine Familiar     Summ           22%        N/A       9%          3
 Confusing Touch          Hex            22%        N/A       9%          3
 Sigil of Binding         Hex            22%        N/A       9%          3
 Summon Ice Beast         Ice/Summ       22%        N/A       9%          3
 Tukima's Dance           Hex            22%        N/A       9%          3
 Vampiric Draining        Necr           22%        2d7       9%          3
 Yara's Violent Unravell  Hex/Alch       16%        3d8       9%          5
 Spellforged Servitor     Conj/Summ      41%        N/A       16%         7
 Anguish                  Hex/Necr       11%        N/A       26%         4
 Dimensional Bullseye     Hex/Tloc       11%        N/A       26%         4
 Dispel Undead            Necr           22%        3d12      26%         4
 Manifold Assault         Tloc           22%        N/A       26%         4
 Martyr's Knell           Necr/Summ      22%        N/A       26%         4
 Passage of Golubria      Tloc           22%        N/A       26%         4
 Summon Lightning Spire   Summ/Air       22%        N/A       26%         4
 Plasma Beam              Fire/Air       19%        2x1d31    30%         6
 Curse of Agony           Necr           22%        N/A       58%         5
 Metabolic Englaciation   Hex/Ice        11%        N/A       58%         5
 Silence                  Hex/Air        11%        N/A       58%         5
 Summon Forest            Summ/Tloc      11%        N/A       58%         5
 Summon Mana Viper        Hex/Summ       22%        N/A       58%         5
 Sculpt Simulacrum        Ice/Alch       16%        N/A       88%         6
 Death Channel            Necr           11%        N/A       99%         6
 Dispersal                Tloc           11%        N/A       99%         6
 Summon Cactus Giant      Summ           11%        N/A       99%         6
 Disjunction              Tloc           11%        N/A       100%        8
 Maxwell's Capacitive Co  Air            11%        ∞         100%        8
 Cigotuvi's Dreadful Rot  Necr/Alch/Air  Unusable   N/A       N/A         2

Dungeon Overview and Level Annotations

Branches:
Dungeon (15/15)            Temple (1/1) D:5            Lair (5/5) D:9
  Swamp (4/4) Lair:2        Snake (4/4) Lair:3        Slime (0/5) Lair:5
    Orc (2/2) D:11            Elf (0/3) Orc:2        Vaults (5/5) D:14
  Crypt (0/3) Vaults:2     Depths (4/4) D:15          Sewer (visited)
  IceCv (visited)
    Zot: Depths:4

Altars:
Ashenzari
Cheibriados
Dithmenos
Elyvilon
Fedhas
Gozag
Hepliaklqana
Kikubaaqudgha
Makhleb
Nemelex Xobeh
Okawaru
Qazlal
Ru
Sif Muna
Trog
Uskayaw
Vehumet
Wu Jian
Xom
Yredelemnul
Zin
The Shining One
Jiyva
Lugonu

Shops:
D:6 (   D:10 :   D:15 [   Orc:1 :   Orc:2 =[:!:   Snake:4 :!   Vaults:2 ?
Depths:1 :   Depths:2 :   Depths:3 *([(*   Depths:4 :=

Portals:
Hell: Depths:1 Depths:2 Depths:3
Abyss: Lair:5 Depths:1 Depths:3
Pandemonium: Depths:2
Ziggurat: Depths:2

Annotations:
D:1 2 runed translucent doors, exclusion: 2 doors
D:6 exclusion: centaur
Lair:4 exclusion: 4 oklob plants
Swamp:1 1 runed translucent door, Ylluogh's ghost, adept GnWn
Swamp:2 3 runed translucent doors, odbg100's ghost, adept MiFi
Swamp:4 2 transporters, bmb222's ghost, adept OpSh
Depths:2 2 transporters, ketchum's ghost, veteran MfSh
Depths:4 Sojobo


Innate Abilities, Weirdness & Mutations

You are immune to sickness and miasma.
Your stone body is resilient. (AC +17)
You are immune to poison.
Your large and strong wings let you fly.
You resist negative energy. (rN+)
You are resistant to electric shocks. (rElec)
You are resistant to unholy torment.
You are immune to petrification.


Message History

Confirm with . or Enter, or press ? or * to list all spells.
Aiming: Lehudib's Crystal Spear (dangerous; 1% risk of failure)
Press: ? - help, Shift-Dir - straight line, f - ice dragon
Aim: an ice dragon (almost dead, catching its breath, 88% to hit)
You feel a surge of power!
The crystal spear hits the ice dragon!!!!
You kill the ice dragon!
Vehumet accepts your kill.
You feel your power returning.
The tengu reaver gestures at you while chanting.
The bolt of acid hits you!! The acid corrodes you!
Unknown command.
Casting: Lehudib's Crystal Spear (dangerous; 1% risk of failure)
Confirm with . or Enter, or press ? or * to list all spells.
The dungeon rumbles!
The tengu reaver is severely wounded.
Ka-crash!
The tengu reaver hits you with a +3 long sword of electrocution!
* * * LOW HITPOINT WARNING * * *
You block the tengu reaver's attack.
The tengu reaver claws you but does no damage.
Unknown command.
Casting: Shatter (dangerous; 1% risk of failure)
Confirm with . or Enter, or press ? or * to list all spells.
Okay, then.
Casting: Shatter (dangerous; 1% risk of failure)
Confirm with . or Enter, or press ? or * to list all spells.
Aiming: Lehudib's Crystal Spear (dangerous; 1% risk of failure)
Press: ? - help, Shift-Dir - straight line, f - tengu reaver
Aim: a tengu reaver, wielding a +3 long sword of electrocution, wearing a +0 scale mail and wearing a +0 buckler (severely wounded, repelling missiles, 45% to hit)
Okay, then.
Casting: Lehudib's Crystal Spear (dangerous; 1% risk of failure)
Confirm with . or Enter, or press ? or * to list all spells.
Aiming: Petrify (safe; 1% risk of failure)
Press: ? - help, Shift-Dir - straight line, f - tengu reaver
Aim: a tengu reaver, wielding a +3 long sword of electrocution, wearing a +0 scale mail and wearing a +0 buckler (severely wounded, repelling missiles, chance to affect: 50%)
The tengu reaver is moving more slowly.
The tengu reaver gestures at you while chanting.
The bolt of cold hits you!!
You die...

......................#
...⌠.....#............##
........................
.......................#
.....#)...............#.
#....#..................
........)).............#
.........))......†......###
................@.........#
..~.......⌠.....Q......#..#
..........................#
.............[..........#.#
....[..........[..........#
..#........[)............##
..........................#
............[(....<.......#
..........................##


You could see a tengu reaver (repels missiles, petrifying).

Vanquished Creatures
  An ancient lich (Depths:2)
  2 juggernauts (Depths:3)
  Josephina (Depths:4)
  Boris (Vaults:3)
  Margery (Vaults:3)
  A caustic shrike (Depths:3)
  6 golden dragons (Depths:3)
  Norris (Vaults:3)
  4 tentacled monstrosities (Depths:3)
  Rupert (D:12)
  A walking crystal tome (Depths:1)
  A walking earthen tome (Depths:3)
  5 liches
  Asterion (Depths:2)
  2 titans (Depths:3)
  A quicksilver dragon (Vaults:4)
  A searing wretch (Vaults:3)
  4 sphinxes
  A walking divine tome (Depths:3)
  5 tengu reavers
  A shadow dragon (Depths:3)
  A thorn hunter (Swamp:2)
  Agnes (D:15)
  An azure jelly (IceCv)
  A fenstrider witch (Swamp:3)
  7 nagarajas (Snake:4)
  11 frost giants
  9 vault wardens
  14 fire giants
  2 orc warlords (Vaults:1)
  A cacodemon (Depths:2)
  4 spriggan defenders
  12 ironbound preservers
  A formless jellyfish (Vaults:1)
  A quicksilver ooze (IceCv)
  22 stone giants
  A deep elf death mage (Vaults:3)
  18 very ugly things
  2 ironbound thunderhulks
  3 eleionomae
  A yellow draconian (Depths:4)
  A deep elf annihilator (Vaults:5)
  2 vampire knights (Depths:1)
  8 dire elephants
  A white draconian (Depths:4)
  Nessos (D:14)
  A war gargoyle (Vaults:2)
  7 bunyips
  2 spark wasps (Depths:3)
  15 ettins
  A blizzard demon (Depths:2)
  A crystal guardian (Vaults:2)
  9 fire dragons
  A shambling mangrove (Swamp:2)
  2 jiangshi (Depths:1)
  An entropy weaver (Vaults:5)
  12 great orbs of eyes
  9 yaktaur captains
  2 peacekeepers (Vaults:2)
  3 rakshasas
  16 ice dragons
  4 ogre magi
  19 hydras
  32 vault guards
  A ghost crab (Swamp:2)
  10 ironbound frosthearts
  2 sphinx zombies (Vaults:3)
  13 alligators
  6 boulder beetles
  2 spriggan air magi
  11 anacondas
  3 centaur warriors
  15 naga warriors
  7 two-headed ogres
  5 deep troll shamans
  9 deep troll earth magi
  7 occultists (Depths:2)
  8 tengu warriors
  2 vampire magi
  4 thrashing horrors (Lair:5)
  7 hell knights
  2 spriggan berserkers
  2 orc high priests (Vaults:1)
  11 shock serpents
  Nergalle (Orc:2)
  8 naga sharpshooters
  A sun demon (Depths:2)
  3 salamander mystics
  A shadow wraith (Vaults:1)
  A sixfirhy (Depths:2)
  8 iron trolls
  7 sea snakes
  56 deep trolls
  2 flayed ghosts
  3 skysharks (Vaults:3)
  A sea snake (shapeshifter) (Vaults:3)
  4 skeletal warriors
  4 spriggan druids
  3 goliath frogs
  2 glowing orange brains
  12 swamp dragons
  An orb spider (shapeshifter) (Depths:1)
  5 naga ritualists
  An orange crystal statue (Vaults:3)
  2 spriggan simulacra (Depths:4)
  12 mana vipers
  2 phantasmal warriors (Depths:1)
  3 arcanists
  5 bog bodies
  12 lindwurms
  6 necromancers
  13 ironbound convokers
  10 orc knights
  A harpy (shapeshifter) (D:14)
  A sphinx simulacrum (Depths:4)
  2 wolf spiders (Lair:1)
  7 orc sorcerers
  5 cyclopes
  A faun (shapeshifter) (Depths:3)
  4 manticores
  34 ugly things
  A large abomination (Lair:5)
  8 will-o-the-wisps
  3 meliai (D:13)
  8 salamanders
  12 vault sentinels
  3 ice statues
  36 black mambas
  13 elephants
  Maurice (D:7)
  2 smoke demons (Lair:5)
  5 guardian serpents
  13 naga magi
  2 gargoyles
  7 komodo dragons
  4 rime drakes
  12 cane toads
  A storm dragon simulacrum (Depths:4)
  3 kobold demonologists
  An efreet (D:14)
  A hellion (Depths:2)
  2 tengu conjurers
  3 freezing wraiths (Depths:2)
  23 yaktaurs
  7 trolls
  A bloated husk (Swamp:2)
  10 hornets
  A tengu simulacrum (Depths:4)
  A polar bear (Lair:5)
  7 tyrant leeches
  A tarantella (shapeshifter) (Lair:5)
  A raiju (Lair:5)
  5 dream sheep
  40 blink frogs
  A glass eye (Depths:3)
  56 slime creatures
  10 spriggans
  14 small abominations (Lair:5)
  A fire elemental (Swamp:4)
  16 humans
  A water elemental (Depths:3)
  A wraith (D:14)
  24 yaks
  5 wyverns
  3 basilisks
  2 ynoxinuls (Lair:5)
  5 steam dragons
  5 wargs
  2 chaos spawn (Lair:5)
  A redback (Vaults:5)
  19 vampire mosquitoes
  23 swamp worms
  43 nagas
  4 great orb of eyes simulacra (IceCv)
  4 acid dragons
  10 water moccasins
  19 orc warriors
  10 swamp drakes
  A glowing shapeshifter skeleton (Vaults:3)
  2 ice beasts (D:6)
  2 sky beasts
  3 black bears
  11 ogres
  10 wolves
  7 boggarts
  14 centaurs
  A phantom (D:5)
  3 slime creature simulacra (IceCv)
  2 kobold brigands (D:9)
  9 bullfrogs
  5 glowing shapeshifter simulacra (IceCv)
  A scorpion (D:5)
  5 wights (D:10)
  7 killer bees
  3 electric eels
  2 howler monkeys
  3 bombardier beetles
  A lava snake (Lair:1)
  6 jellies
  21 orc priests
  3 hounds
  A gnoll bouda (D:7)
  4 iguanas
  40 orc wizards
  5 shapeshifter simulacra (IceCv)
  9 gnolls (D:7)
  10 adders
  5 river rats
  2 shadow imps (D:7)
  4 white imps
  2 ufetubi (D:6)
  2 dart slugs
  5 ribbon worms
  73 orcs
  12 ball pythons
  18 endoplasms
  11 giant cockroaches
  12 hobgoblins
  6 jackals
  8 kobolds
  7 quokkas
  2 bats
  6 frilled lizards
  A goblin (D:2)
  12 rats
1572 creatures vanquished.

Vanquished Creatures (collateral kills)
  A blink frog (Lair:1)
  A swamp worm (Lair:2)
  2 orcs
  A kobold (D:9)
  34 boulders
39 creatures vanquished.

Vanquished Creatures (others)
  A spriggan (Swamp:2)
  An orc priest (Orc:2)
  An orc (Orc:2)
  30 boulders
  12 foxfires
45 creatures vanquished.

Grand Total: 1656 creatures vanquished

Notes
Turn   | Place    | Note
-------+----------+-------------------------------------------
     0 | D:1      | Laraso the Gargoyle Earth Elementalist began the quest for
                  | the Orb.
     0 | D:1      | Reached XP level 1. HP: 10/10 MP: 3/3
   109 | D:1      | Found a large runed translucent door.
   109 | D:1      | Found a large runed translucent door.
   249 | D:1      | Reached XP level 2. HP: 15/15 MP: 1/5
   718 | D:1      | Reached XP level 3. HP: 11/19 MP: 4/7
   755 | D:1      | Learned a level 3 spell: Stone Arrow
  1496 | D:2      | Reached XP level 4. HP: 19/24 MP: 9/9
  1546 | D:2      | Learned a level 4 spell: Brom's Barrelling Boulder
  1585 | D:2      | Identified the +0 dagger of Valiance {freeze, rN+}
  1924 | D:2      | Reached skill level 4 in Earth Magic
  2211 | D:2      | Reached XP level 5. HP: 27/28 MP: 11/11
  2556 | D:3      | Learned a level 4 spell: Petrify
  3003 | D:4      | Reached XP level 6. HP: 32/32 MP: 12/12
  3239 | D:4      | Noticed a black bear
  3256 | D:4      | Killed a black bear
  3257 | D:4      | Reached skill level 5 in Earth Magic
  3351 | D:4      | Reached skill level 6 in Earth Magic
  3632 | D:4      | Identified the +3 trident "Lafayrho" {holy, Will+ Int+4}
  3736 | D:4      | Found an opulent altar of Gozag.
  3869 | D:5      | Entered Level 5 of the Dungeon
  3940 | D:5      | Reached skill level 7 in Earth Magic
  3940 | D:5      | Reached XP level 7. HP: 36/36 MP: 13/13
  4048 | D:5      | Noticed a wyvern
  4051 | D:5      | Killed a wyvern
  4052 | D:5      | Reached skill level 8 in Earth Magic
  4052 | D:5      | Reached skill level 1 in Alchemy
  4188 | D:5      | Noticed a kobold demonologist
  4192 | D:5      | Noticed a smoke demon
  4193 | D:5      | Killed a kobold demonologist
  4194 | D:5      | Reached XP level 8. HP: 27/41 MP: 14/14
  4276 | D:5      | Found a staircase to the Ecumenical Temple.
  4309 | Temple   | Entered the Ecumenical Temple
  4364 | Temple   | Became a worshipper of Vehumet
  4760 | D:6      | Found Qusosics's Weapon Shoppe.
  4809 | D:6      | Reached skill level 9 in Earth Magic
  4847 | D:6      | Found a glowing drain.
  4856 | Sewer    | Entered a sewer
  4907 | Sewer    | Reached * piety under Vehumet
  4907 | Sewer    | Offered knowledge of Sting by Vehumet.
  5005 | Sewer    | Found a viscous altar of Jiyva.
  5122 | D:6      | Reached skill level 10 in Earth Magic
  5266 | D:6      | Reached XP level 9. HP: 45/45 MP: 15/15
  5625 | D:6      | Reached skill level 11 in Earth Magic
  5890 | D:7      | Reached skill level 12 in Earth Magic
  5900 | D:7      | Reached skill level 1 in Fighting
  5906 | D:7      | Reached ** piety under Vehumet
  5906 | D:7      | Offered knowledge of Scorch by Vehumet.
  6311 | D:7      | Noticed Maurice
  6337 | D:7      | Killed Maurice
  6338 | D:7      | Reached skill level 5 in Spellcasting
  6490 | D:7      | Reached XP level 10. HP: 55/56 MP: 20/20
  6719 | D:7      | Offered knowledge of Mercury Vapours by Vehumet.
  6970 | D:8      | Noticed a two-headed ogre
  6979 | D:8      | Killed a two-headed ogre
  7141 | D:8      | Noticed a gargoyle
  7162 | D:8      | Killed a gargoyle
  7163 | D:8      | Reached skill level 5 in Conjurations
  7372 | D:8      | Reached *** piety under Vehumet
  7691 | D:8      | Noticed a green ugly thing
  7703 | D:8      | Killed a green ugly thing
  8056 | D:9      | Offered knowledge of Ignite Poison by Vehumet.
  8115 | D:9      | Reached skill level 5 in Stealth
  8115 | D:9      | Reached XP level 11. HP: 60/60 MP: 20/23
  8121 | D:9      | Learned a level 4 spell: Leda's Liquefaction
  8361 | D:9      | Found a staircase to the Lair.
  8386 | D:9      | Noticed a sun demon
  8429 | D:9      | Noticed a sun demon
  8447 | D:9      | Noticed a two-headed ogre
  8458 | D:9      | Killed a two-headed ogre
  8458 | D:9      | Reached **** piety under Vehumet
  8828 | Lair:1   | Entered Level 1 of the Lair of Beasts
  8955 | Lair:1   | Offered knowledge of Iskenderun's Mystic Blast by Vehumet.
  9369 | Lair:1   | Reached skill level 10 in Spellcasting
  9903 | Lair:1   | Reached XP level 12. HP: 64/64 MP: 3/27
 10889 | Lair:1   | Reached skill level 13 in Earth Magic
 10927 | Lair:2   | Noticed a boulder beetle
 11444 | Lair:1   | Reached skill level 5 in Fighting
 11949 | Lair:1   | Killed a boulder beetle
 12245 | Lair:2   | Identified the +3 scale mail "Kunleunk" {Stlth+}
 12463 | Lair:2   | Noticed a five-headed hydra
 12472 | Lair:2   | Killed a five-headed hydra
 12478 | Lair:2   | Reached ***** piety under Vehumet
 12503 | Lair:2   | Offered knowledge of Yara's Violent Unravelling by Vehumet.
 12509 | Lair:2   | Reached skill level 5 in Dodging
 12714 | Lair:2   | Reached XP level 13. HP: 58/78 MP: 26/29
 12885 | Lair:2   | Found a staircase to the Swamp.
 13181 | Lair:3   | Found a staircase to the Snake Pit.
 13391 | Lair:3   | Learned a level 6 spell: Bombard
 14251 | Lair:4   | Reached skill level 5 in Armour
 14808 | Lair:4   | Offered knowledge of Fireball by Vehumet.
 14815 | Lair:4   | Learned a level 5 spell: Fireball
 15079 | Lair:5   | Entered Level 5 of the Lair of Beasts
 15427 | Lair:5   | Identified the +0 chain mail of Hepliaklqana {Stlth+}
 15848 | Lair:5   | Found a stormy altar of Qazlal.
 16090 | Lair:5   | Found a viscous altar of Jiyva.
 16090 | Lair:5   | Found a staircase to the Slime Pits.
 16493 | Lair:5   | Gained mutation: Your large and strong wings let you fly.
                  | [Gargoyle growth]
 16493 | Lair:5   | Reached XP level 14. HP: 55/84 MP: 28/30
 16723 | Lair:5   | Reached skill level 14 in Earth Magic
 16931 | Lair:5   | Found a one-way gate to the infinite horrors of the Abyss.
 17203 | Lair:5   | Found a corrupted altar of Lugonu.
 17210 | Lair:5   | Found the +5 Lochaber axe {reach-cleave, Poleaxe ^Drain}
 17578 | D:10     | Entered Level 10 of the Dungeon
 17868 | D:10     | Offered knowledge of Eringya's Noxious Bog by Vehumet.
 18169 | D:10     | Found Kiurug's Book Shoppe.
 18189 | D:10     | Reached skill level 10 in Conjurations
 18340 | D:11     | Found a portal to a secret trove of treasure.
 18412 | D:11     | Found a stormy altar of Qazlal.
 18474 | Trove    | Entered a treasure trove
 18501 | Trove    | Identified the staff of Charity {*Slow rElec rPois rN+
                  | Alchemy}
 18520 | Trove    | Got Sif Muna's Quarto of Ill-fated Hurting
 18523 | Trove    | Got Sif Muna's Folio of the Hexing Xenolith
 18541 | Trove    | Got Sif Muna's Dissertation on Floating Transportation
 18698 | D:11     | Reached skill level 15 in Earth Magic
 19265 | D:11     | Found a staircase to the Orcish Mines.
 19618 | D:12     | Noticed Rupert
 19679 | Orc:1    | Entered Level 1 of the Orcish Mines
 19920 | Orc:1    | Found Kaoqioxe's Book Shoppe.
 20058 | Orc:2    | Entered Level 2 of the Orcish Mines
 20538 | Orc:2    | Found a frozen archway.
 20557 | IceCv    | Entered an ice cave
 21257 | IceCv    | Noticed an azure jelly
 21270 | IceCv    | Killed an azure jelly
 21273 | IceCv    | Noticed a quicksilver ooze
 21278 | IceCv    | Killed a quicksilver ooze
 21335 | IceCv    | Found a viscous altar of Jiyva.
 21349 | IceCv    | Got the ring "Koydas" {rF+ rC+ rN+}
 21355 | IceCv    | Got the ring of Omaokh {Ice rN+ Int+2}
 21358 | IceCv    | Got the ring "Utaesmat" {rC+ Int+3 Dex-4 SInv Stlth+}
 21373 | IceCv    | Got the +1 dagger "Weteuv" {freeze, +Blink}
 21489 | Orc:2    | Found Fahyn's Jewellery Shop.
 21523 | Orc:2    | Reached skill level 16 in Earth Magic
 21983 | Orc:2    | Found a staircase to the Elven Halls.
 22241 | Orc:2    | Reached XP level 15. HP: 89/89 MP: 31/31
 22302 | Orc:2    | Found a radiant altar of Vehumet.
 22339 | Orc:2    | Found Ryle's Distillery.
 22347 | Orc:2    | Noticed Nergalle
 22373 | Orc:2    | Killed Nergalle
 22400 | Orc:2    | Found an ancient bone altar of Kikubaaqudgha.
 22413 | Orc:2    | Found Cighec's Antique Armour Emporium.
 22474 | Orc:2    | Found Medaor's Book Shoppe.
 22542 | Orc:2    | Found Xuirum's Book Emporium.
 22936 | D:12     | You are sucked into a shaft and drop 3 floors!
 22936 | D:15     | Entered Level 15 of the Dungeon
 23224 | D:14     | Reached skill level 10 in Fighting
 23427 | D:14     | Noticed Nessos
 23435 | D:14     | Killed Nessos
 23888 | D:12     | Killed Rupert
 24352 | D:13     | Found a bloodstained altar of Trog.
 25354 | D:14     | Found a gate to the Vaults.
 25513 | D:14     | Offered knowledge of Irradiate by Vehumet.
 25520 | D:14     | Reached skill level 17 in Earth Magic
 25529 | D:14     | Learned a level 8 spell: Lehudib's Crystal Spear
 26157 | D:15     | Noticed Agnes
 26162 | D:15     | Killed Agnes
 26671 | D:15     | Reached XP level 16. HP: 90/101 MP: 32/32
 26763 | D:15     | Found a staircase to the Depths.
 26885 | D:15     | Reached skill level 18 in Earth Magic
 26955 | D:14     | Reached skill level 1 in Fire Magic
 27119 | D:15     | Found Ufis's Antique Armour Boutique.
 27350 | D:15     | Found a glowing silver altar of Zin.
 27593 | Orc:2    | Bought a crude leather armour for 182 gold pieces
 27593 | Orc:2    | Identified the +0 leather armour of the Soldier {rC- Str+4
                  | SInv} (You bought it in a shop on level 2 of the Orcish
                  | Mines)
 27593 | Orc:2    | Bought a shiny helmet for 195 gold pieces
 27872 | Swamp:1  | Entered Level 1 of the Swamp
 28561 | Swamp:1  | Reached skill level 5 in Fire Magic
 28761 | Swamp:1  | Found a runed translucent door.
 28945 | Swamp:1  | Noticed Ylluogh's ghost (adept GnWn)
 29022 | Swamp:2  | Offered knowledge of Starburst by Vehumet.
 29108 | Swamp:2  | Noticed a thorn hunter
 29405 | Swamp:2  | Killed a thorn hunter
 29565 | Swamp:2  | Found a runed translucent gate.
 29565 | Swamp:2  | Found a runed translucent gate.
 29566 | Swamp:2  | Found a runed translucent gate.
 30182 | Swamp:2  | Noticed odbg100's ghost (adept MiFi)
 30304 | Swamp:3  | Noticed a fenstrider witch
 30311 | Swamp:3  | Killed a fenstrider witch
 30595 | Swamp:3  | Identified the +5 leather armour "Meozosuq" {rC+ rN+ Dex+3}
 30906 | Swamp:4  | Entered Level 4 of the Swamp
 30945 | Swamp:4  | Noticed a fenstrider witch
 30945 | Swamp:4  | Found a transporter.
 31001 | Swamp:4  | Noticed bmb222's ghost (adept OpSh)
 31157 | Swamp:3  | Reached XP level 17. HP: 56/106 MP: 16/33
 31158 | Swamp:3  | Reached skill level 19 in Earth Magic
 32338 | Swamp:4  | Reached skill level 15 in Conjurations
 32611 | Swamp:4  | Got a decaying rune of Zot
 32650 | Swamp:4  | Identified the ring "Luyba" {rElec rF+++ rC+ Dex-4 Stlth+}
 32674 | Swamp:4  | Found a transporter.
 32745 | Swamp:4  | Reached skill level 20 in Earth Magic
 33287 | Snake:1  | Entered Level 1 of the Snake Pit
 33470 | Snake:1  | Found a white marble altar of Elyvilon.
 34095 | Snake:1  | Reached ****** piety under Vehumet
 34315 | Snake:1  | Identified the ring "Taitwal" {Will+ MP+9 Stlth+}
 34563 | Snake:1  | Offered knowledge of Arcjolt by Vehumet.
 35695 | Snake:2  | Reached XP level 18. HP: 112/112 MP: 28/34
 35815 | Snake:2  | Reached skill level 21 in Earth Magic
 36595 | Snake:4  | Entered Level 4 of the Snake Pit
 36877 | Snake:4  | Offered knowledge of Plasma Beam by Vehumet.
 37122 | Snake:4  | Reached skill level 22 in Earth Magic
 37401 | Snake:4  | Found Nenkim's Book Boutique.
 37475 | Snake:4  | Found Bihufezu's Distillery.
 37482 | Snake:4  | Bought a book of the Earth for 648 gold pieces
 38096 | Snake:4  | Offered knowledge of Fire Storm by Vehumet.
 38096 | Snake:4  | Offered knowledge of Chain Lightning by Vehumet.
 38096 | Snake:4  | Offered knowledge of Ignition by Vehumet.
 38447 | Snake:4  | Learned a level 9 spell: Shatter
 38651 | Snake:4  | Got a serpentine rune of Zot
 39101 | Vaults:1 | Entered Level 1 of the Vaults
 39191 | D:14     | Reached XP level 19. HP: 86/116 MP: 27/37
 39563 | Vaults:1 | Reached skill level 23 in Earth Magic
 39703 | Vaults:1 | Paralysed by a sphinx for 4 turns
 40414 | Vaults:1 | Reached skill level 24 in Earth Magic
 41284 | Vaults:2 | Reached skill level 25 in Earth Magic
 41377 | Vaults:2 | Identified the +4 war axe of the Equator {freeze, rElec rN+
                  | Stlth-}
 41564 | Vaults:1 | Upgraded the game from 0.32-a0-12-g7fc57aa741 to
                  | 0.32-a0-17-gb74e046682
 41780 | Vaults:2 | Found Ewkigaat's Magic Scroll Boutique.
 41898 | Vaults:2 | Found a staircase to the Crypt.
 41898 | Vaults:2 | Found an ancient bone altar of Kikubaaqudgha.
 41899 | Vaults:2 | Found a basalt altar of Yredelemnul.
 41911 | Vaults:2 | Bought a scroll of teleportation for 57 gold pieces
 42246 | Vaults:2 | Reached XP level 20. HP: 122/122 MP: 38/38
 42615 | Vaults:3 | Reached skill level 10 in Armour
 42704 | Vaults:3 | Noticed Norris
 42823 | Vaults:3 | Killed Norris
 43027 | Vaults:3 | Reached skill level 10 in Dodging
 43652 | Vaults:3 | Noticed Margery
 43658 | Vaults:3 | Killed Margery
 44018 | Vaults:3 | Noticed Boris
 44024 | Vaults:3 | Killed Boris
 45755 | Vaults:5 | Entered Level 5 of the Vaults
 45758 | Vaults:5 | Reached XP level 21. HP: 121/127 MP: 39/39
 45758 | Vaults:5 | Noticed a golden dragon
 45759 | Vaults:5 | Reached skill level 15 in Spellcasting
 45759 | Vaults:5 | Noticed a dread lich
 46009 | Depths:1 | Entered Level 1 of the Depths
 46038 | Depths:1 | You are sucked into a shaft and drop 1 floor!
 46658 | Depths:1 | Found a gateway to Hell.
 46762 | Depths:1 | Found a glowing golden altar of the Shining One.
 46854 | Depths:1 | Found Muitazat's Book Boutique.
 46859 | Depths:1 | Bought a manual of Armour for 1600 gold pieces
 47680 | Depths:2 | Found a one-way gateway to a ziggurat.
 47872 | Depths:2 | Reached skill level 26 in Earth Magic
 47872 | Depths:2 | Reached XP level 22. HP: 132/132 MP: 36/42
 47944 | Depths:2 | Found Qaulur's One-of-a-Kind Books.
 47960 | Depths:2 | Learned a level 3 spell: Swiftness
 47966 | Depths:2 | Learned a level 5 spell: Lee's Rapid Deconstruction
 48030 | Depths:2 | Noticed Asterion
 48034 | Depths:2 | Killed Asterion
 48333 | Depths:2 | Found a one-way gate leading to the halls of Pandemonium.
 48559 | Depths:2 | Noticed an ancient lich
 48561 | Depths:2 | Killed an ancient lich
 48632 | Depths:2 | Found a transporter.
 48650 | Depths:2 | Identified the +7 trident "Xavouq" {drain, Int+5 Dex-5}
 48652 | Depths:2 | Reached skill level 27 in Earth Magic
 48652 | Depths:2 | Identified the ring "Ippuc" {Fly rCorr Int+8 Dex-5 SInv}
 48986 | Depths:2 | Identified the +1 chain mail of Heresy {rElec rC+}
 49122 | Depths:2 | Noticed ketchum's ghost (veteran MfSh)
 49138 | Depths:2 | Noticed a caustic shrike
 49159 | Depths:2 | Found a transporter.
 49611 | Depths:3 | Found Dabaarokk's Assorted Antiques.
 49630 | Depths:3 | Reached skill level 15 in Armour
 50301 | Depths:3 | Noticed a golden dragon
 50351 | Depths:3 | Noticed a juggernaut
 50352 | Depths:3 | Noticed a juggernaut
 50354 | Depths:3 | Killed a juggernaut
 50356 | Depths:3 | Killed a juggernaut
 50359 | Depths:3 | Killed a golden dragon
 50444 | Depths:3 | Reached XP level 23. HP: 136/143 MP: 33/43
 50564 | Depths:3 | Noticed a caustic shrike
 50590 | Depths:3 | Noticed a golden dragon
 50593 | Depths:3 | Killed a caustic shrike
 50594 | Depths:3 | Reached skill level 15 in Fighting
 50594 | Depths:3 | Reached skill level 1 in Shields
 50595 | Depths:3 | Killed a golden dragon
 50610 | Depths:3 | Noticed a golden dragon
 50611 | Depths:3 | Noticed a golden dragon
 50615 | Depths:3 | Killed a golden dragon
 50617 | Depths:3 | Killed a golden dragon
 50775 | Depths:3 | Found Ejubol's General Store.
 50776 | Depths:3 | Found Lulass's Antique Weapon Emporium.
 50777 | Depths:3 | Found Rieklootz's Antique Armour Shoppe.
 50781 | Depths:3 | Found Edatyin's Antique Weapon Boutique.
 50784 | Depths:3 | Reached skill level 5 in Shields
 50822 | Depths:3 | Bought a pair of embroidered gloves for 195 gold pieces
 50888 | Depths:3 | Noticed a golden dragon
 50894 | Depths:3 | Killed a golden dragon
 50986 | Depths:3 | Noticed a golden dragon
 50991 | Depths:3 | Killed a golden dragon
 51789 | Depths:4 | Entered Level 4 of the Depths
 51789 | Depths:4 | Identified the ring of Gaew Cot {Ice +Blink rPois rN+}
 51789 | Depths:4 | Identified the death talisman of Filth {MP+9}
 51789 | Depths:4 | Noticed Josephina
 51789 | Depths:4 | Noticed Sojobo
 51813 | Depths:4 | Killed Josephina
 51815 | Depths:4 | Found Enaloun's Jewellery Shoppe.
 51816 | Depths:4 | Found Plog's Book Boutique.
 51823 | Depths:3 | Killed from afar by a tengu reaver

Illustrated notes

Levels and vault maps discovered:
D:1:      erik_arrival_cave_to_civilisation [erik_arrival_cave_to_temple],
          layout_loops_corners
D:2:      minmay_razor_zed, layout_rooms
D:3:      layout_rooms, item_on_display_a
D:4:      layout_gridville, mainiacjoe_overflow_alcove_1
D:5:      nicolae_cairo_tiling_large, layout_cave_pools,
          minmay_temple_entry_statues_pillars, kennysheep_small_spiral
D:6:      black_bear_nest_2, layout_rooms, gup_sewer_entry_bubbles,
          serial_shops, shop, kb_lookout_dungeons_type, minmay_misc_feat_doors
D:7:      layout_basic, grunt_ministairs_12, uniq_maurice
D:8:      layout_loops_ring, minmay_three_doors
D:9:      layout_basic, erik_lair_orcish_takeover, glass_columns_c
D:10:     layout_irregular_city, serial_shops, shop, kennysheep_generic_room_15
D:11:     layout_long_grid, hiddenorc1_lemuel, nicolae_trove_entry_isolated,
          grunt_qazlal_clouds
D:12:     layout_basic, uniq_rupert
D:13:     layout_grid_maze, bloody_trog
D:14:     layout_gridville, david_vaults_3, abandoned_shop
D:15:     hangedman_depths_entry_civil_slaughter, layout_irregular_city,
          serial_shops, shop, zin_angel, uniq_agnes
Temple:   mainiacjoe_temple_starburst
Lair:1:   layout_gridlike, gauntlet_entry_generic,
          nicolae_lair_run_with_the_wolves, infiniplex_staircase_pool,
          serial_bayou_shore_b
Lair:2:   layout_misc_corridors, palyth_hydra_swamp_entry, minivault_11
Lair:3:   layout_misc_corridors, minmay_snake_entry_guardpost_small,
          serial_bayou_shore_b
Lair:4:   layout_cave_shapes, serial_bayou_lagoon_a, minivault_25, dpeg_oklob_1
Lair:5:   hellmonk_lair_end_abyssal_woods, layout_regular_city, slime_entry_1,
          basic_altar
Swamp:1:  layout_basic_swamp, ebering_ghost_reflecting_pool, serial_swamp_ruin,
          evilmike_swamp_ruin_house_5, evilmike_swamp_ruin_rubble_2,
          swamp_pool_3
Swamp:2:  layout_basic_swamp, gammafunk_ghost_necromancy,
          evilmike_swamp_ruin_rubble_1
Swamp:3:  layout_basic_swamp, evilmike_swamp_ruin_house_3
Swamp:4:  swamp_fiery, layout_basic_swamp, gammafunk_ghost_arena, swamp_pool_4,
          nzn_swamp_dancing_lights
Snake:1:  layout_concentric_octagons, basic_altar, serial_bayou_shore_a
Snake:2:  layout_rooms, nicolae_snake_gridmaze_big_u
Snake:3:  layout_cave_shapes
Snake:4:  grunt_snake_rune_pools, layout_onion_interference, grunt_megastairs_5,
          minmay_shop_star
Orc:1:    layout_caves, serial_shops, nicolae_shop_real_fake_doors
Orc:2:    kennysheep_orc_mage_school, layout_diamond_mine,
          portal_ice_cave_entry_pillars_1, serial_shops,
          nicolae_shop_gaudy_bauble, abandoned_shop
Vaults:1: nicolae_vaults_heart-shaped_vault, ontoclasm_vaults_loading_screen,
          ontoclasm_vaults_ring_square, minmay_orc_keep,
          nicolae_vaults_little_squares_5, nicolae_vaults_tetromino_Z_1,
          nicolae_vaults_storage_room_water, nicolae_vaults_stairing_the_circle,
          vaults_room_door_ring, v_pattern_1, hangedman_vaults_capsules,
          v_misc_27, nicolae_vaults_corridor_and_loot_room,
          vaults_room_semicircle, layout_vaults_omnibox
Vaults:2: nicolae_vaults_oval_intersection, nicolae_vaults_inception_scallops,
          minmay_crypt_entry_necro_gods, nicolae_vaults_mitosis,
          hangedman_vaults_nodes, nicolae_vaults_trapezoid_lopsided_2,
          hangedman_vaults_corner, v_misc_22, vaults_room_hangedman_quadrants,
          nicolae_vaults_trapezoid_2, layout_vaults_ring, serial_shops, shop
Vaults:3: nicolae_vaults_statue_guard, grunt_vaults_focal,
          nicolae_vaults_offset_grid_hallway_1, hangedman_vaults_restitches,
          nicolae_vaults_yaktaur_gun_rack, nicolae_vaults_heart-shaped_vault,
          vaults_room_pools, nicolae_vaults_mini_display_case,
          vaults_room_pools, nicolae_vaults_storage_closets_3,
          nicolae_vaults_offset_grid_hallway_3, nicolae_vaults_little_squares_5,
          nicolae_vaults_six-pack, vaults_room_stairs_pillars,
          nicolae_vaults_prndl, layout_vaults_omnicross, uniq_margery,
          uniq_boris, uniq_norris
Vaults:4: v_misc_19, nicolae_vaults_trapezoid_3, ontoclasm_vaults_ring_small,
          v_misc_18, layout_vaults_quadrants
Vaults:5
Depths:1: minmay_bloctagon, layout_honeycomb, serial_shops, shop,
          tso_metal_star, abyss_entry, grunt_metal_band,
          minmay_shattered_shrine, serial_bayou_shore_b
Depths:2: cheibrodos_cascadia, layout_basic, enter_ziggurat_d,
          hangedman_decor_points, rand_demon_pan_entry_4,
          gammafunk_ghost_berserking_beasts, pf_coc_iceberg, dk_noncrumbling_3,
          nicolae_rare_books, minmay_staircase_bubble, uniq_asterion
Depths:3: hangedman_box_tower, layout_gridlike, serial_shops,
          nicolae_shop_competitors_out_of_business, hangedman_abyss_entry_splay,
          grunt_decor_arrowhead, hell_entry
Depths:4: evilmike_zot_entry_basic, layout_honeycomb, rand_demon_pan_entry_3,
          pf_hell_entry_great_geh, corner_web_ring, minmay_shop_grove,
          grunt_megastairs_3, uniq_josephina, uniq_sojobo

Skill      XL: |  1  2  3  4  5  6  7  8  9 10 11 12 13 14 15 16 17 18 19 20 21 22 23 |
---------------+----------------------------------------------------------------------+-----
Spellcasting   | 3 4 6 8 11 12 14 16 | 16.0
Earth Magic    | 4 7 8 10 12 13 16 17 18 20 22 25 26 27 | 27.0
Conjurations   | 2 4 5 7 8 12 14 16 17 18 | 18.0
Alchemy        | 3 4 |  4.0
Fighting       | 3 8 12 14 16 | 16.0
Armour         | 4 8 9 12 16 | 16.0
Dodging        | 4 5 8 12 | 12.1
Stealth        | 5 8 |  8.0
Fire Magic     | 6 |  6.0
Shields        | 8 |  8.0

Action                     |  1- 3 |  4- 6 |  7- 9 | 10-12 | 13-15 | 16-18 | 19-21 | 22-24 || total
---------------------------+-------+-------+-------+-------+-------+-------+-------+-------++-------
  Melee: Unarmed           |    40 |       |       |       |       |       |       |       ||    40
         Dagger            |     5 |     5 |       |       |       |       |       |       ||    10
         Staff             |       |       |     1 |     2 |    11 |     7 |       |       ||    21
         Hand axe          |       |       |       |    39 |    33 |   112 |     5 |       ||   189
   Cast: Sandblast         |    46 |    87 |   102 |    87 |   187 |     5 |     2 |       ||   516
         Stone Arrow       |       |    19 |    61 |   216 |   272 |    22 |     8 |     2 ||   600
         Petrify           |       |       |     6 |    63 |    77 |    50 |     3 |     1 ||   200
         Brom's Barrelling |       |       |     2 |    71 |    21 |       |     1 |       ||    95
         Leda's Liquefacti |       |       |       |     1 |       |       |       |       ||     1
         Bombard           |       |       |       |       |   354 |   248 |     2 |     2 ||   606
         Fireball          |       |       |       |       |     7 |    36 |     8 |       ||    51
         Lehudib's Crystal |       |       |       |       |       |   248 |   185 |    83 ||   516
         Shatter           |       |       |       |       |       |       |   169 |   158 ||   327
         Swiftness         |       |       |       |       |       |       |       |     1 ||     1
  Evoke: Wand              |       |       |     1 |       |     6 |     2 |       |       ||     9
         Lightning rod     |       |       |       |       |     4 |       |       |       ||     4
    Use: Scroll            |       |     2 |     2 |     9 |    19 |     9 |     9 |     5 ||    55
         Potion            |       |       |     1 |     2 |     3 |     2 |     2 |       ||    10
   Stab: Sleeping          |       |     2 |       |       |       |       |       |       ||     2
         Petrified         |       |       |       |    33 |    51 |   119 |       |       ||   203
         Petrifying        |       |       |       |       |       |     3 |       |       ||     3
 Armour: Robe              |    32 |    32 |    16 |       |       |       |       |       ||    80
         Steam dragon scal |       |       |    18 |   135 |   322 |   518 |   114 |    75 ||  1182
  Dodge: Dodged            |    41 |    19 |    36 |    73 |   244 |   343 |    69 |    30 ||   855
  Block: Buckler           |       |       |       |       |       |       |       |     3 ||     3

Table legend: (Time is in decaauts)
 A = Elapsed time spent in this place.
 B = Non-inter-level travel time spent in this place.
 C = Inter-level travel time spent in this place.
 D = Time resting spent in this place.
 E = Time spent auto-exploring this place.
 F = Levels seen in this place.
 G = Mean time per level.
                   A        B        C        D        E       F      G
               +--------+--------+--------+--------+--------+-----+--------+
         Total |  52321 |  48921 |   3400 |  13573 |  25044 |  43 | 1216.8 |
       Dungeon |  16153 |  14962 |   1191 |   2652 |   9298 |  15 | 1076.9 |
        Temple |    108 |      2 |    106 |      0 |      0 |   1 |  108.0 |
          Lair |   9099 |   8407 |    692 |   2779 |   3541 |   5 | 1819.8 |
         Swamp |   4984 |   4628 |    356 |   2101 |   1606 |   4 | 1246.0 |
     Snake Pit |   5667 |   5292 |    375 |   1949 |   2310 |   4 | 1416.8 |
  Orcish Mines |   2390 |   2102 |    288 |    634 |    855 |   2 | 1195.0 |
        Vaults |   6732 |   6477 |    255 |   1346 |   4125 |   5 | 1346.4 |
        Depths |   5825 |   5689 |    136 |   1763 |   2927 |   4 | 1456.2 |
         Trove |    181 |    181 |      0 |    100 |     21 |   1 |  181.0 |
         Sewer |    266 |    266 |      0 |      0 |    102 |   1 |  266.0 |
      Ice Cave |    911 |    911 |      0 |    248 |    258 |   1 |  911.0 |
               +--------+--------+--------+--------+--------+-----+--------+

Top non-repeatable levels by time:
  Lair:1: 2790 daAuts
  Lair:5: 2287 daAuts
Depths:2: 2137 daAuts
 Swamp:3: 2087 daAuts
Depths:1: 2030 daAuts
Vaults:1: 1840 daAuts
 Snake:1: 1791 daAuts
Vaults:4: 1663 daAuts
    D:14: 1651 daAuts
Depths:3: 1645 daAuts
  Lair:2: 1625 daAuts
Vaults:3: 1615 daAuts
 Snake:4: 1608 daAuts
Vaults:2: 1608 daAuts
     D:1: 1465 daAuts
